 Dungeon Crawl Stone Soup version 0.27.0-1-g7a089689b8 (webtiles) character file.

Game seed: 8133213482618565205

117 ZombieSheep the Slasher (level 4, -7/41 HPs)
             Began as a Minotaur Monk on Aug 5, 2021.
             Killed by divine providence
             ... invoked by an orc priest
              (10 damage)
             ... on level 3 of the Dungeon.
             The game lasted 00:02:37 (1353 turns).

ZombieSheep the Slasher (Minotaur Monk)             Turns: 1353, Time: 00:02:39

Health: -7/41      AC:  5    Str: 17    XL:     4   Next: 71%
Magic:  3/3        EV: 12    Int:  7    God:
Gold:   89         SH:  0    Dex: 12    Spells: 3/3 levels left

rFire    . . .     SeeInvis .   a - +0 falchion
rCold    . . .     Faith    .   (no shield)
rNeg     . . .     Spirit   .   d - +0 ring mail
rPois    .         Reflect  .   (helmet restricted)
rElec    .         Harm     .   (no cloak)
rCorr    .         Rampage  .   (no gloves)
Will     .....                  (no boots)
Stlth    +.........             (no amulet)
HPRegen  0.13/turn              (no ring)
MPRegen  0.08/turn              (no ring)

@: no status effects
A: horns 2, retaliatory headbutt
a: no special abilities


You were on level 3 of the Dungeon.
You visited 1 branch of the dungeon, and saw 3 of its levels.

You collected 89 gold pieces.

Inventory:

Hand Weapons
 a - a +0 falchion (weapon)
 e - a +0 short sword of electrocution
Armour
 b - a +0 robe
 d - a +0 ring mail (worn)
Scrolls
 c - a scroll of teleportation {unknown}


   Skills:
 + Level 4.5 Fighting
 + Level 4.5 Long Blades
 + Level 2.5 Armour
 + Level 4.1 Dodging
 - Level 1.5 Stealth


You had 3 spell levels left.
You didn't know any spells.
Your spell library was empty.

Dungeon Overview and Level Annotations

Branches:
Dungeon (3/15)

Altars:

Annotations:
D:2 Sigmund


Innate Abilities, Weirdness & Mutations

You have a pair of horns on your head.
You reflexively headbutt those who attack you in melee.


Message History

The orc priest is lightly wounded.
The orc priest hits you with a +0 hand axe.
You hit the orc priest but do no damage.
The orc priest is lightly wounded.
The orc priest looks braver for a moment.
You hit the orc priest.
The orc priest is moderately wounded.
The orc priest hits you but does no damage.
You hit the orc priest.
The orc priest is severely wounded.
The orc priest hits you but does no damage.
You closely miss the orc priest. You headbutt the orc priest.
The orc priest is almost dead.
The orc priest closely misses you. You furiously retaliate!
You headbutt the orc priest.
You kill the orc priest!
An orc priest comes into view. It is wielding a +0 dagger.
The orc priest invokes the aid of Beogh against you.
Beogh smites you!
* * * LOW HITPOINT WARNING * * *
The orc hits you with a +0 club.
* * * LOW HITPOINT WARNING * * *
Items here: )) [ †.
You hit the orc but do no damage. You headbutt the orc!
You kill the orc!
The orc priest invokes the aid of Beogh against you.
Pain shoots through your body!
* * * LOW HITPOINT WARNING * * *
You start resting.
An orc priest is nearby!
You are too injured to fight recklessly!
The orc priest hits you with a +0 dagger.
* * * LOW HITPOINT WARNING * * *
You hit the orc priest.
The orc priest is lightly wounded.
The orc priest barely misses you.
You riposte.
You hit the orc priest.
The orc priest is moderately wounded.
The orc priest mumbles some strange prayers to Beogh against you.
Beogh smites you!
You die...

.......#...#....####
......##..........###
#####.###...####....##
#.###...o........##
#...#...####.#.#..# #
.............#....###.#.
###....................
##....#..#...#.....#.
####..#...†.@.##).o......
......#....o###..........
.............##..........
.....#.#.#..##..........
#.##.##)#................
>#.##.#.)###.#............
..........##.#.(........#.
.........................
..........###......[.....


You could see an orc priest.

Vanquished Creatures
  2 orc priests (D:3)
  A worm (D:2)
  A dart slug (D:1)
  5 orcs (D:3)
  4 endoplasms
  A giant cockroach (D:3)
  4 goblins (D:1)
  3 hobgoblins
  4 jackals (D:1)
  3 quokkas
  2 ball pythons (D:1)
  4 bats
  2 frilled lizards (D:1)
  5 kobolds
  4 rats
45 creatures vanquished.

Notes
Turn   | Place    | Note
-------+----------+-------------------------------------------
     0 | D:1      | ZombieSheep the Minotaur Monk began the quest for the Orb.
     0 | D:1      | Reached XP level 1. HP: 19/19 MP: 0/0
   299 | D:1      | Reached XP level 2. HP: 25/27 MP: 1/1
   306 | D:1      | Reached skill level 1 in Armour
   536 | D:1      | Reached XP level 3. HP: 31/33 MP: 2/2
  1093 | D:2      | Noticed Sigmund
  1252 | D:3      | Reached XP level 4. HP: 39/41 MP: 3/3
  1353 | D:3      | Killed from afar by an orc priest

Illustrated notes

Levels and vault maps discovered:
D:1:      eino_arrival_tree_alley, layout_rooms
D:2:      layout_rooms, minmay_tree_intersection, hangedman_decor_growths,
          minmay_misc_feat_nine_boxes, minmay_distorted,
          uniq_crazy_yiuf_cottage, uniq_sigmund
D:3:      layout_rooms, portal_sewer_entry_d, lexackson_kobold_supper

Skill      XL: |  1  2  3  4 |
---------------+-------------+-----
Armour         | 1 2 |  2.5
Fighting       | 4 |  4.5
Long Blades    | 4 |  4.5
Dodging        | 4 |  4.1
Stealth        | |  1.5

Action                   |  1- 3 |  4- 6 || total
-------------------------+-------+-------++-------
Melee: Falchion          |    76 |    20 ||    96
       Headbutt          |    15 |     4 ||    19
  Use: Scroll            |     1 |       ||     1
Armor: Ring mail         |    28 |     2 ||    30
       Robe              |     1 |       ||     1
Dodge: Dodged            |    46 |     7 ||    53
       Rpst.: Falchion   |    11 |     3 ||    14
